 Dungeon Crawl Stone Soup version 0.26.1-11-gd32895ea62 (webtiles) character file.

Game seed: 11829815620344358637

47 McKennaii the Conjurer (level 3, -3/19 HPs)
             Began as a Deep Elf Conjurer on May 16, 2021.
             Slain by a gnoll
             ... wielding a +0 club
              (6 damage)
             ... on level 2 of the Dungeon.
             The game lasted 00:01:13 (892 turns).

McKennaii the Conjurer (Deep Elf Conjurer)           Turns: 892, Time: 00:01:13

Health: -3/19      AC:  2    Str:  4    XL:     3   Next: 48%
Magic:  0/10       EV:  7    Int: 23    God:
Gold:   44         SH:  0    Dex: 13    Spells: 8/9 levels left

rFire    . . .     SeeInvis .   (no weapon)
rCold    . . .     Faith    .   (no shield)
rNeg     . . .     Spirit   .   a - +0 robe
rPois    .         Reflect  .   (no helmet)
rElec    .         Harm     .   (no cloak)
rCorr    .         Rampage  .   (no gloves)
Will     .....                  (no boots)
Stlth    ++........             (no amulet)
HPRegen  0.06/turn              (no ring)
MPRegen  0.12/turn              (no ring)

@: held
A: no striking features
a: no special abilities


You were on level 2 of the Dungeon.
You visited 1 branch of the dungeon, and saw 2 of its levels.

You collected 44 gold pieces.

Inventory:

Armour
 a - a +0 robe (worn)
Jewellery
 d - an uncursed ring of flight {unknown}
 g - an uncursed amulet of reflection {unknown}
Scrolls
 c - a scroll of magic mapping {unknown}
 f - a scroll of remove curse {unknown}
 h - a scroll of noise {unknown}
 i - a scroll of enchant armour {unknown}
Potions
 b - a potion of haste {unknown}
 e - a potion of might {unknown}
 j - a potion of curing {unknown}


   Skills:
 + Level 2.5 Dodging
 + Level 2.4 Stealth
 * Level 3.7 Spellcasting
 * Level 5.4 Conjurations


You had 8 spell levels left.
You knew the following spells:

 Your Spells              Type           Power        Failure   Level
a - Magic Dart            Conj           100%         1%          1

Your spell library contained the following spells:

 Spells                   Type           Power        Failure   Level
 Searing Ray              Conj           58%          1%          2
 Dazzling Flash           Conj/Hex       32%          11%         3
 Fulminant Prism          Conj/Hex       8%           34%         4
 Iskenderun's Mystic Bla  Conj/Tloc      16%          34%         4


Dungeon Overview and Level Annotations

Branches:
Dungeon (2/15)

Altars:


Message History

The gnoll is heavily wounded.
The magic dart hits the gnoll.
The gnoll is heavily wounded.
The gnoll hits you but does no damage.
The magic dart hits the gnoll.
The gnoll is almost dead.
A gnoll comes into view. It is wielding a +0 club.
The magic dart hits the gnoll but does no damage.
The gnoll is almost dead.
The gnoll throws a throwing net.
The throwing net hits you.
You become entangled in the net!
The gnoll hits you with a +0 whip!
You are too depleted to draw on your mana recklessly!
You are too depleted to draw on your mana recklessly!
You are too depleted to draw on your mana recklessly!
You struggle against the net.
The gnoll hits you with a +0 whip.
You struggle against the net.
The gnoll closely misses you. The gnoll hits you with a +0 whip.
* * * LOW HITPOINT WARNING * * *
You struggle against the net.
The gnoll hits you with a +0 club.
You die...

... #.### ....#
###.#.### .......
)$.. ####g### #
#..g@#.### #.
#...........
...###..#†#.#####
...............
...##.#.#.##### .
#...........
#..#..######
#..#########
#...........


You could see 2 gnolls.

Vanquished Creatures
  A gnoll (D:2)
  An adder (D:2)
  2 leopard geckos
  A ball python (D:1)
  2 bats (D:1)
  2 giant cockroaches (D:1)
  2 goblins (D:1)
  3 hobgoblins (D:1)
  4 jackals (D:1)
  A quokka (D:2)
  3 kobolds (D:1)
  2 rats (D:1)
24 creatures vanquished.

Notes
Turn   | Place    | Note
-------+----------+-------------------------------------------
     0 | D:1      | McKennaii the Deep Elf Conjurer began the quest for the
                  | Orb.
     0 | D:1      | Reached XP level 1. HP: 10/10 MP: 6/6
   176 | D:1      | Reached XP level 2. HP: 15/15 MP: 4/8
   300 | D:1      | Reached skill level 5 in Conjurations
   820 | D:2      | Reached XP level 3. HP: 19/19 MP: 7/10
   892 | D:2      | Slain by a gnoll

Illustrated notes

Levels and vault maps discovered:
D:1:      minmay_arrival_diagonal_passages, layout_rooms, dk_noncrumbling_3
D:2:      layout_basic, nicolae_overflow_quartered_altars

Skill      XL: |  1  2 |
---------------+-------+-----
Conjurations   | 5 |  5.4
Dodging        | |  2.5
Stealth        | |  2.4
Spellcasting   | |  3.7

Action                   || total
-------------------------++-------
Melee: Unarmed           ||     1
 Cast: Magic Dart        ||    53
Armor: Robe              ||     2
Dodge: Dodged            ||     7
